 Dungeon Crawl Stone Soup version 0.20.1-1-g8b1a95d (webtiles) character file.

7074 Haldmier the Martial Artist (level 10, -12/81 HPs)
             Began as a Demigod Transmuter on Sept 30, 2017.
             Mangled by a skeletal warrior
             ... wielding a cursed -1 battleaxe
             ... led by a skeletal warrior
              (13 damage)
             ... on level 13 of the Dungeon.
             The game lasted 01:11:04 (14913 turns).

Haldmier the Martial Artist (Demigod Transmuter)   Turns: 14913, Time: 01:11:05

Health: -12/81     AC:  7    Str: 15    XL:     10   Next: 54%
Magic:  4/17       EV: 16    Int: 21    God:
Gold:   699        SH:  6    Dex: 19    Spells: 1/15 levels left

rFire    . . .     SeeInvis .   b - +1 hunting sling
rCold    + . .     Gourm    .   y - +0 buckler
rNeg     . . .     Faith    .   W - +2 leather armour {rC+}
rPois    .         Spirit   .   (no helmet)
rElec    .         Reflect  .   k - +0 cloak
rCorr    .         Harm     .   (no gloves)
MR       +....                  n - +0 pair of boots
Stlth    +.........             (no amulet)
Regen    0.3/turn               v - +3 ring of dexterity
MPRegen  0.2/turn               G - ring of flight

@: no status effects
A: high mp 1
a: Evoke Flight


You were on level 13 of the Dungeon.
You were very hungry.

You visited 2 branches of the dungeon, and saw 12 of its levels.
You also visited: Ossuary.

You collected 699 gold pieces.

Inventory:

Hand Weapons
 b - a +1 hunting sling (weapon)
 c - the +9 staff of Olgreb {rPois}
   (You found it on level 7 of the Dungeon)

   It protects you from poison.
Missiles
 a - 89 arrows
 h - 154 stones
 r - 107 sling bullets (quivered)
 I - 4 throwing nets
Armour
 g - a +0 helmet
 j - the +3 ring mail "Jahuha" {rF++ MR- Dex+5}
   (You found it on level 4 of the Dungeon)

   It affects your dexterity (+5).
   It greatly protects you from fire.
   It affects your resistance to hostile enchantments.
 k - a +0 cloak (worn)
 n - a +0 pair of boots (worn)
 y - a +0 buckler (worn)
 E - the +0 shield "Opnulixei" {rN+}
   (You found it on level 4 of the Dungeon)

   It protects you from negative energy.
 W - a +2 leather armour of cold resistance (worn)
Jewellery
 v - a +3 ring of dexterity (left hand)
 G - a ring of flight (right hand)
Wands
 N - a wand of confusion (29/48)
Scrolls
 f - 2 scrolls of fear
 t - 6 scrolls of remove curse
 x - 2 scrolls of random uselessness {unknown}
 A - a scroll of fog {unknown}
 F - a scroll of magic mapping {unknown}
 J - a scroll of holy word {unknown}
 L - a scroll of immolation
 O - a scroll of vulnerability {unknown}
 P - a scroll of enchant armour {unknown}
 R - 4 scrolls of identify
 T - a scroll of enchant weapon
 U - a scroll of amnesia
Potions
 i - 3 potions of magic
 l - 5 potions of curing
 o - 2 potions of lignification
 q - a potion of berserk rage {unknown}
 s - 2 potions of ambrosia
 w - a potion of agility {unknown}
 z - a potion of invisibility {unknown}
 B - a potion of mutation {unknown}
 C - 2 potions of flight {unknown}
 D - a potion of cancellation {unknown}
 Q - a potion of brilliance {unknown}
 X - a potion of resistance {unknown}
Books
 u - a book of Minor Magic

   Spells                             Type                      Level
   a - Magic Dart                     Conjuration                  1
   b - Blink                          Translocation                2
   c - Call Imp                       Summoning                    2
   d - Slow                           Hexes                        2
   e - Conjure Flame                  Conjuration/Fire             3
   f - Mephitic Cloud                 Conjuration/Poison/Air       3
 K - a book of Maledictions

   Spells                             Type                      Level
   a - Corona                         Hexes                        1
   b - Ensorcelled Hibernation        Hexes/Ice                    2
   c - Confuse                        Hexes                        3
   d - Tukima's Dance                 Hexes                        3
   e - Dazzling Spray                 Conjuration/Hexes            3
 M - a book of Air

   Spells                             Type                      Level
   a - Shock                          Conjuration/Air              1
   b - Swiftness                      Charms/Air                   2
   c - Static Discharge               Conjuration/Air              3
   d - Airstrike                      Air                          4
   e - Lightning Bolt                 Conjuration/Air              5
 S - a book of Changes

   Spells                             Type                      Level
   a - Beastly Appendage              Transmutation                1
   b - Sticks to Snakes               Transmutation                2
   c - Spider Form                    Transmutation/Poison         3
   d - Ice Form                       Ice/Transmutation            4
   e - Blade Hands                    Transmutation                5
Comestibles
 d - 7 bread rations
 m - 7 meat rations
 p - a royal jelly
 H - 3 fruits


   Skills:
 + Level 5.0 Fighting
 + Level 5.9 Dodging
 + Level 4.4 Shields
 * Level 8.1 Unarmed Combat
 - Level 3.0 Spellcasting
 - Level 4.0 Conjurations
 * Level 7.8 Transmutations
 - Level 3.0 Fire Magic
 - Level 2.0 Poison Magic


You had one spell level left.
You knew the following spells:

 Your Spells              Type           Power        Failure   Level  Hunger
a - Beastly Appendage     Tmut           #####.       1%          1    None
b - Sticks to Snakes      Tmut           #####...     1%          2    ##.....
c - Spider Form           Tmut/Pois      ###.......   6%          3    ###....
d - Conjure Flame         Conj/Fire      ###.....     12%         3    ###....
e - Blade Hands           Tmut           #####.....   19%         5    ######.


Dungeon Overview and Level Annotations

Branches:
Dungeon (13/15)            Temple (1/1) D:6            Lair (0/6) D:8
    Orc: D:9-12      Vaults: D:13-14

Shops:
D:12 (

Annotations:
D:2 exclusion: oklob plant


Innate Abilities, Weirdness & Mutations

You have an increased reservoir of magic. (+10% MP)


Message History

* * * LOW HITPOINT WARNING * * *
Your surroundings suddenly seem different.
The skeletal warrior hits you from afar with a glaive!
* * * LOW HITPOINT WARNING * * *
A skeletal warrior comes into view. It is wielding a battleaxe.
Okay, then.
Okay, then.
Unknown command.
Evoke which item? (* to show all) (? for menu, Esc to quit)
Okay, then.
Okay, then.
Casting: Conjure Flame
Confirm with . or Enter, or press ? or * to list all spells.
You create 2 snakes!
You now have 89 arrows.
The skeletal warrior hits you with a hand axe.
* * * LOW HITPOINT WARNING * * *
The skeletal warrior hits your ball python with a hand axe.
Your ball python dies!
The skeletal warrior hits you with a battleaxe!
You die...

..... ####...
......#
#....######
#.#.......#
#.......#.# #
#.z..<#.#.#
#S##z#.....#.#
#.z@.#.#...#z#
######.....#.#
###....(#
#######


You could see 3 skeletal warriors and a friendly ball python.

Vanquished Creatures
  A two-headed ogre (D:9)
  The ghost of Frank the Covert, a journeyman OpFi of Dithmenos (D:9)
  Psyche (D:8)
  A hippogriff (D:8)
  A wraith (D:7)
  Eustachio (D:6)
  Grum (D:8)
  3 soldier ants (D:7)
  A small abomination (D:7)
  Duvessa (D:6)
  3 water moccasins
  4 ice beasts
  An orc warrior (D:9)
  A phantom (D:4)
  4 ogres
  A wolf (D:7)
  A necrophage (D:9)
  A centaur (D:6)
  6 bullfrogs
  3 scorpions
  Dowan (D:6)
  A water moccasin skeleton (D:5)
  8 killer bees (D:7)
  4 wights (D:7)
  3 howler monkeys
  3 crimson imps
  A centaur zombie (D:9)
  3 jellies
  4 orc priests
  A bullfrog skeleton (D:7)
  2 hounds
  Crazy Yiuf (D:6)
  A centaur skeleton (D:9)
  A gnoll shaman (D:4)
  5 orc wizards
  10 worker ants
  2 big kobold zombies (Ossuary)
  A hound zombie (D:6)
  2 hound skeletons
  7 mummies (Ossuary)
  3 worker ant zombies
  3 gnolls
  19 adders
  A shadow imp (D:4)
  An ooze (D:4)
  An adder zombie (D:9)
  5 adder skeletons
  A worm (D:2)
  2 dart slugs
  4 leopard geckos
  24 orcs
  2 ball pythons
  6 giant cockroaches
  8 goblins
  4 hobgoblins
  6 jackals
  6 quokkas
  10 bats
  2 frilled lizards
  2 gnoll zombies (Ossuary)
  A hobgoblin zombie (Ossuary)
  A jackal skeleton (D:4)
  5 kobolds
  2 kobold zombies (Ossuary)
  A leopard gecko skeleton (D:8)
  A leopard gecko zombie (D:8)
  An orc zombie (Ossuary)
  6 rats
226 creatures vanquished.

Vanquished Creatures (collateral kills)
  Menkaure (D:5)
  A soldier ant (D:7)
  A wolf (D:6)
  A scorpion (D:5)
  An iguana (D:7)
  2 worker ants (D:7)
  A mummy (Ossuary)
8 creatures vanquished.

Grand Total: 234 creatures vanquished

Notes
Turn   | Place    | Note
-------+----------+-------------------------------------------
     0 | D:1      | Haldmier the Demigod Transmuter began the quest for the Orb.
     0 | D:1      | Reached XP level 1. HP: 15/15 MP: 5/5
   191 | D:1      | Reached skill level 1 in Fighting
   572 | D:1      | Reached XP level 2. HP: 23/23 MP: 5/7
   585 | D:1      | Learned a level 2 spell: Sticks to Snakes
   876 | D:2      | Reached skill level 3 in Unarmed Combat
  1200 | D:2      | Found a blossoming altar of Fedhas.
  1213 | D:2      | Noticed an oklob plant
  1408 | D:2      | Reached XP level 3. HP: 28/28 MP: 6/8
  1754 | D:2      | Learned a level 3 spell: Spider Form
  2520 | D:3      | Reached XP level 4. HP: 35/35 MP: 7/9
  3181 | D:3      | Reached XP level 5. HP: 32/40 MP: 8/10
  3643 | D:4      | Found a sand-covered staircase.
  3670 | Ossuary  | Entered an ossuary
  3891 | Ossuary  | Reached skill level 4 in Unarmed Combat
  4519 | Ossuary  | Reached XP level 6. HP: 47/47 MP: 12/12
  5022 | D:4      | Got a smoking ring mail
  5038 | D:4      | Got a heavily runed shield
  5050 | D:4      | Identified the +0 shield "Opnulixei" {rN+} (You found it on level 4 of the Dungeon)
  5060 | D:4      | Identified the +3 ring mail "Jahuha" {rF++ MR- Dex+5} (You found it on level 4 of the Dungeon)
  5496 | D:4      | Reached skill level 1 in Poison Magic
  5584 | D:4      | Learned a level 3 spell: Conjure Flame
  5587 | D:5      | Entered Level 5 of the Dungeon
  5874 | D:5      | Found a shimmering altar of Xom.
  5881 | D:5      | Found a shattered altar of Ashenzari.
  5883 | D:5      | Found an iron altar of Okawaru.
  5991 | D:5      | Reached XP level 7. HP: 48/55 MP: 14/14
  6265 | D:5      | Noticed Menkaure
  6296 | D:5      | Killed Menkaure
  6566 | D:5      | Reached skill level 1 in Conjurations
  6714 | D:5      | Reached skill level 5 in Unarmed Combat
  6714 | D:5      | Reached skill level 1 in Fire Magic
  7545 | D:6      | Noticed Dowan
  7564 | D:6      | Killed Dowan
  7576 | D:6      | Noticed Duvessa
  7886 | D:6      | Reached XP level 8. HP: 39/62 MP: 13/15
  7887 | D:6      | Killed Duvessa
  8197 | D:6      | Reached skill level 5 in Transmutations
  8634 | D:6      | Found a runed door.
  8641 | D:6      | Noticed Crazy Yiuf
  8648 | D:6      | Killed Crazy Yiuf
  8648 | D:6      | Reached skill level 1 in Shields
  8877 | D:6      | Found a staircase to the Ecumenical Temple.
  8883 | D:6      | Noticed Eustachio
  8916 | D:6      | Killed Eustachio
  9019 | Temple   | Entered the Ecumenical Temple
  9216 | D:7      | Found a runed gate.
  9217 | D:7      | Found a runed door.
  9223 | D:7      | Found a corrupted altar of Lugonu.
  9248 | D:7      | Reached skill level 6 in Unarmed Combat
  9255 | D:7      | Found a runed gate.
  9255 | D:7      | Found a runed gate.
  9268 | D:7      | Found a runed door.
  9623 | D:7      | Found a shadowy altar of Dithmenos.
 10357 | D:7      | Found a transporter.
 10730 | D:8      | Found a bloodstained altar of Trog.
 10864 | D:8      | Found a glowing golden altar of the Shining One.
 10878 | D:8      | Noticed a hippogriff
 10891 | D:8      | Killed a hippogriff
 10891 | D:8      | Reached XP level 9. HP: 51/71 MP: 13/16
 10895 | D:8      | Noticed Psyche
 11161 | D:8      | Found a burning altar of Makhleb.
 11431 | D:8      | Noticed Grum
 12201 | D:7      | Learned a level 5 spell: Blade Hands
 12369 | D:8      | Found a staircase to the Lair.
 12417 | D:8      | Killed Psyche
 12417 | D:8      | Reached skill level 5 in Dodging
 12660 | D:8      | Killed Grum
 12809 | D:7      | Reached skill level 7 in Unarmed Combat
 13604 | D:7      | Reached XP level 10. HP: 55/80 MP: 2/17
 13828 | D:7      | Noticed a green ugly thing
 13892 | D:7      | Noticed a cyan ugly thing
 14097 | D:9      | Found a sparkling altar of Nemelex Xobeh.
 14299 | D:9      | Noticed Frank's ghost (journeyman OpFi)
 14307 | D:9      | Killed Frank's ghost
 14645 | D:9      | Noticed a two-headed ogre
 14666 | D:9      | Killed a two-headed ogre
 14666 | D:9      | Reached skill level 5 in Fighting
 14666 | D:9      | Reached skill level 8 in Unarmed Combat
 14798 | D:9      | You fall through a shaft for 3 floors!
 14798 | D:12     | Found Kirif's Weapon Shop.
 14808 | D:13     | Noticed a skeletal warrior
 14901 | D:13     | Noticed a skeletal warrior
 14901 | D:13     | Noticed a skeletal warrior
 14909 | D:13     | HP: 4/81 [skeletal warrior/glaive[a skeletal warrior] (11)]
 14911 | D:13     | Noticed a skeletal warrior
 14913 | D:13     | HP: 1/81 [skeletal warrior/hand axe (4)]
 14913 | D:13     | Mangled by a skeletal warrior

Skill      XL: |  1  2  3  4  5  6  7  8  9 10 |
---------------+-------------------------------+-----
Fighting       | 1 2 3 4 5 |  5.0
Dodging        | 2 3 4 5 |  5.9
Unarmed Combat | 3 4 5 6 7 8 |  8.1
Transmutations | 2 3 4 5 6 7 |  7.8
Spellcasting   | 2 3 |  3.0
Poison Magic   | 1 2 |  2.0
Conjurations   | 1 2 3 4 |  4.0
Fire Magic     | 1 2 3 |  3.0
Shields        | 2 3 4 |  4.4

Action                   |  1- 3 |  4- 6 |  7- 9 | 10-12 || total
-------------------------+-------+-------+-------+-------++-------
Melee: Unarmed           |   104 |   255 |   383 |   117 ||   859
       Headbutt          |    15 |    49 |    89 |    18 ||   171
       Punch             |     1 |     5 |     3 |       ||     9
 Fire: Hunting sling     |       |    72 |   182 |    25 ||   279
Throw: Stone             |     1 |       |       |       ||     1
 Cast: Beastly Appendage |    29 |    39 |    47 |    12 ||   127
       Spider Form       |       |     2 |     7 |     4 ||    13
       Sticks to Snakes  |       |     5 |    45 |     5 ||    55
       Conjure Flame     |       |       |    22 |    16 ||    38
 Abil: End Transformatio |       |       |       |     1 ||     1
Evoke: Wand              |       |       |     5 |       ||     5
       Staff of Olgreb   |       |       |       |     1 ||     1
  Use: Scroll            |       |    12 |     2 |     2 ||    16
       Potion            |       |       |     5 |     1 ||     6
 Stab: Sleeping          |     4 |     2 |     4 |     2 ||    12
       Distracted        |       |     1 |     4 |     1 ||     6
  Eat: Chunk             |     5 |     8 |    21 |     4 ||    38
       Royal jelly       |       |     2 |     2 |       ||     4
       Fruit             |       |       |     4 |     3 ||     7
Armor: Robe              |    18 |    50 |    37 |     4 ||   109
       Skin              |       |     1 |     2 |     1 ||     4
       Leather armour    |       |       |       |     5 ||     5
Dodge: Dodged            |    59 |   155 |   264 |    66 ||   544
Block: Buckler           |       |       |    52 |    21 ||    73
